 Dungeon Crawl Stone Soup version 0.25-a0-265-g7af84ae0ac (webtiles) character file.

Game seed: 17981357389782656776, levelgen mode: classic

366 Borgoz the Skirmisher (level 6, -16/39 HPs)
             Began as a Gargoyle Monk on Dec 7, 2019.
             Demolished by an ogre
             ... wielding a cursed -3 giant club
              (21 damage)
             ... on level 4 of the Dungeon.
             The game lasted 00:04:21 (3037 turns).

Borgoz the Skirmisher (Gargoyle Monk)               Turns: 3037, Time: 00:04:22

Health: -16/39     AC: 12    Str: 17    XL:     6   Next: 68%
Magic:  6/6        EV:  9    Int: 10    God:
Gold:   139        SH:  0    Dex: 12    Spells: 5/5 levels left

rFire    . . .     SeeInvis .   a - +1 falchion
rCold    . . .     Gourm    .   (no shield)
rNeg     + . .     Faith    .   q - +0 ring mail {MR+}
rPois    ∞         Spirit   .   m - +0 helmet
rElec    +         Reflect  .   (no cloak)
rCorr    .         Harm     .   i - +0 pair of gloves
MR       +....                  (no boots)
Stlth    +.........             h - amulet of the acrobat
HPRegen  0.13/turn              r - -3 ring of evasion (curse)
MPRegen  0.10/turn              (no ring)

@: no status effects
A: negative energy resistance 1, electricity resistance, unbreathing,
petrification resistance, rot immunity, AC +4
a: no special abilities


You were on level 4 of the Dungeon.
You were not hungry.

You visited 1 branch of the dungeon, and saw 4 of its levels.

You collected 139 gold pieces.

Inventory:

Hand Weapons
 a - a +1 falchion (weapon)
Armour
 i - a +0 pair of gloves (worn)
 m - a +0 helmet (worn)
 q - a +0 ring mail of magic resistance (worn)
Jewellery
 h - an amulet of the acrobat (around neck)
 r - a cursed -3 ring of evasion (left hand)
Scrolls
 u - a scroll of amnesia
Potions
 b - a potion of mutation {unknown}
 f - a potion of cancellation {unknown}
 g - 2 potions of lignification {unknown}
 j - 2 potions of berserk rage
 k - 3 potions of curing {unknown}
 l - a potion of flight {unknown}
 o - a potion of heal wounds {unknown}
Comestibles
 c - 7 rations
 s - 10 chunks of flesh


   Skills:
 + Level 4.5 Fighting
 * Level 4.5 Long Blades
 + Level 3.1 Armour
 + Level 3.4 Dodging
 - Level 2.1 Stealth


You had 5 spell levels left.
You didn't know any spells.
Your spell library was empty.

Dungeon Overview and Level Annotations

Branches:
Dungeon (4/15)
 Temple: D:4-7

Altars:


Innate Abilities, Weirdness & Mutations

You are resistant to torment.
Your stone body is resilient. (AC +4)
You are immune to poison.
You resist negative energy. (rN+)
You are resistant to electric shocks. (rElec)
You can survive without breathing.
You are immune to petrification.
You are immune to rotting.


Message History

You are too injured to fight recklessly!
You are too injured to fight recklessly!
You are too injured to fight recklessly!
You hit the ogre.
The ogre is moderately wounded.
The ogre hits you with a cursed -3 giant club!
* * * LOW HITPOINT WARNING * * *
You slash the ogre!
The ogre is heavily wounded.
The ogre barely misses you.
You hit the ogre.
The ogre is heavily wounded.
The ogre barely misses you.
You hit the ogre.
The ogre is severely wounded.
You barely miss the ogre.
The ogre is severely wounded.
The ogre hits you with a cursed -3 giant club!!
Ouch! That really hurt!
You die...

.. .. ###.. ##. ..#..
####..# #.#.. ..... #
#.#.# #... #.#.# #.#.#
#.O#...... #.#.# #.@..#
#######.#.#####.####
#...............#####.#
.#####.#.............#
#.#######.####### #.#
#.# #.# #.$ #.# #.#
#..# #.# #.# #..#


You could see an ogre.

Vanquished Creatures
  2 howler monkeys (D:4)
  A bullfrog skeleton (D:4)
  Jessica (D:2)
  Terence (D:2)
  Natasha (thrice) (D:3)
  A worker ant (D:4)
  Robin (D:4)
  2 adders (D:2)
  2 worms
  2 dart slugs
  A leopard gecko (D:4)
  5 orcs
  7 bats
  4 giant cockroaches
  16 goblins
  7 hobgoblins
  5 jackals (D:1)
  4 kobolds
  2 quokkas
  3 frilled lizards (D:3)
  A leopard gecko skeleton (D:4)
  A quokka skeleton (D:4)
  5 rats
77 creatures vanquished.

Notes
Turn   | Place    | Note
-------+----------+-------------------------------------------
     0 | D:1      | Borgoz the Gargoyle Monk began the quest for the Orb.
     0 | D:1      | Reached XP level 1. HP: 14/14 MP: 1/1
   403 | D:1      | Reached XP level 2. HP: 19/19 MP: 2/2
   796 | D:1      | Reached skill level 1 in Armour
   809 | D:1      | Reached XP level 3. HP: 22/23 MP: 3/3
  1165 | D:2      | Noticed Jessica
  1167 | D:2      | Killed Jessica
  1219 | D:2      | Reached XP level 4. HP: 28/29 MP: 4/4
  1371 | D:2      | Noticed Terence
  1398 | D:2      | Killed Terence
  1921 | D:2      | Reached XP level 5. HP: 31/33 MP: 5/5
  2201 | D:3      | Noticed Natasha
  2211 | D:3      | Killed Natasha
  2716 | D:3      | Noticed Natasha
  2727 | D:3      | Killed Natasha
  2732 | D:3      | Noticed Natasha
  2740 | D:3      | Killed Natasha
  2838 | D:4      | Reached XP level 6. HP: 36/39 MP: 6/6
  2922 | D:4      | Noticed Robin
  2969 | D:4      | Killed Robin
  3037 | D:4      | Demolished by an ogre

Levels and vault maps discovered:
D:1:      shiori_arrival_elements, layout_basic, serial_forest,
          infiniplex_forest_end_1, infiniplex_forest_pool,
          infiniplex_forest_end_1, infiniplex_forest_clump_curved,
          infiniplex_forest_lined_corner, infiniplex_forest_straight_3,
          infiniplex_forest_side_room, infiniplex_forest_clump_C,
          chequers_serial_rivers_room_b, hex_medium, minmay_crystal_water,
          minmay_misc_feat_rugged, chequers_serial_rivers_small_b,
          serial_bayou_lagoon_a
D:2:      layout_loops_cross, first_ration, uniq_jessica, uniq_terence
D:3:      layout_loops_cross, nicolae_underground_beach, uniq_natasha
D:4:      layout_loops_ring, serial_rivers, chequers_serial_rivers_micro_c,
          chequers_serial_rivers_small_3, chequers_serial_rivers_small_3,
          chequers_serial_rivers_room_b, uniq_robin

Skill      XL: |  1  2  3  4  5  6 |
---------------+-------------------+-----
Long Blades    | 3 4 |  4.5
Armour         | 1 2 3 |  3.1
Fighting       | 4 |  4.5
Dodging        | 3 |  3.4
Stealth        | |  2.1

Action                   |  1- 3 |  4- 6 || total
-------------------------+-------+-------++-------
Melee: Falchion          |    59 |   218 ||   277
  Use: Scroll            |       |     7 ||     7
 Stab: Sleeping          |     3 |     1 ||     4
       Distracted        |       |     1 ||     1
  Eat: Chunk             |     1 |     6 ||     7
Armor: Robe              |    23 |     3 ||    26
       Scale mail        |       |    10 ||    10
       Ring mail         |       |    67 ||    67
Dodge: Dodged            |    59 |   128 ||   187
       Rpst.: Falchion   |    25 |    35 ||    60

Table legend:
 A = Non-vault XP
 B = Vault XP
 C = Vault XP percentage of total XP
 D = Non-vault monster count
 E = Vault monster count
 F = Vault count percentage of total count
                 A         B        C        D         E       F
            +---------+---------+-------+---------+---------+-------
      Total |     381 |     143 |  27.3 |      63 |      14 |  18.2
            +---------+---------+-------+---------+---------+-------
        D:1 |      38 |       0 |   0.0 |      20 |       0 |   0.0
        D:2 |      62 |      73 |  54.1 |      17 |       2 |  10.5
        D:3 |      94 |      35 |  27.1 |      16 |       1 |   5.9
        D:4 |     187 |      35 |  15.8 |      10 |      11 |  52.4
            +---------+---------+-------+---------+---------+-------
